 Dungeon Crawl Stone Soup version 0.20.1-1-g8b1a95d (webtiles) character file.

68404 AdmiralAndromeda the Earth Mage (level 15, -2/76 HPs)
             Began as a Gargoyle Earth Elementalist on Dec 3, 2017.
             Was a High Priest of Vehumet.
             Engulfed by a fire crab's flame (10 damage)
             ... on level 6 of the Lair of Beasts.
             The game lasted 02:45:03 (25823 turns).

AdmiralAndromeda the Earth Mage (GrEE)             Turns: 25823, Time: 02:45:04

Health: -2/76      AC: 29    Str: 15    XL:     15   Next: 26%
Magic:  17/38      EV: 18    Int: 31    God:    Vehumet [*****.]
Gold:   1498       SH: 11    Dex: 14    Spells: 8/34 levels left

rFire    . . .     SeeInvis .   B - staff of earth
rCold    . . .     Gourm    .   R - +6 buckler "Ebenylif" {-Tele Int+7}
rNeg     + . .     Faith    .   Y - +6 ring mail of Poited {rCorr Str-2 Int+4}
rPois    ∞         Spirit   .   (no helmet)
rElec    +         Reflect  .   M - +1 cloak of the Other Side {+Inv Str+3 Dex+4}
rCorr    +         Harm     .   (no gloves)
MR       +....     NoTele   +   H - +2 pair of boots
Stlth    +++.......             (no amulet)
Regen    0.3/turn               y - ring of magical power
MPRegen  0.3/turn               D - +5 ring of evasion

@: flying
A: big wings, negative energy resistance 1, electricity resistance, unbreathing,
petrification resistance, rot immunity, AC +11
a: Stop Flying, Renounce Religion, Evoke Invisibility


You were on level 6 of the Lair of Beasts.
You worshipped Vehumet.
Vehumet was extremely pleased with you.
You were hungry.

You visited 4 branches of the dungeon, and saw 23 of its levels.
You also visited: Ice Cave.

You collected 1498 gold pieces.

Inventory:

Missiles
 b - 80 stones (quivered)
Armour
 t - a +0 cloak of magic resistance
 A - a +1 scale mail of fire resistance
 H - a +2 pair of boots (worn)
 M - the +1 cloak of the Other Side (worn) {+Inv Str+3 Dex+4}
   (You found it on level 1 of the Lair of Beasts)

   It affects your strength (+3).
   It affects your dexterity (+4).
   It lets you turn invisible.
 O - a +0 cloak of cold resistance
 P - a +2 buckler
 R - the +6 buckler "Ebenylif" (worn) {-Tele Int+7}
   (You took it off an orc on level 9 of the Dungeon)

   It affects your intelligence (+7).
   It prevents most forms of teleportation.
 Y - the +6 ring mail of Poited (worn) {rCorr Str-2 Int+4}
   (You found it on level 1 of the Lair of Beasts)

   It affects your strength (-2).
   It affects your intelligence (+4).
   It protects you from acid and corrosion.
Magical Staves
 z - an uncursed staff of conjuration
 B - an uncursed staff of earth (weapon)
 J - an uncursed staff of cold
Jewellery
 c - a +3 ring of protection
 p - an uncursed ring of see invisible
 v - an uncursed ring of fire
 y - a ring of magical power (left hand)
 D - a +5 ring of evasion (right hand)
 V - an uncursed ring of wizardry
Wands
 x - a wand of acid (9/15)
 U - a wand of paralysis (21/24)
Scrolls
 f - 14 scrolls of remove curse
 n - 2 scrolls of amnesia
 o - 4 scrolls of identify
 r - 3 scrolls of recharging
 s - a scroll of fear
 w - 5 scrolls of teleportation
 G - a scroll of enchant weapon
 Q - 3 scrolls of magic mapping
 T - 3 scrolls of blinking
 W - 2 scrolls of enchant armour
 X - a scroll of silence
Potions
 a - 4 potions of haste
 g - 2 potions of resistance
 h - 5 potions of heal wounds
 i - 8 potions of mutation
 j - 2 potions of berserk rage
 k - a potion of might
 q - 4 potions of curing
 u - 3 potions of agility
 C - a potion of ambrosia
 K - 4 potions of lignification
 L - 2 potions of brilliance
 S - a potion of magic
Comestibles
 d - 3 bread rations
 l - 12 meat rations
 m - 32 royal jellies
 E - 4 chunks of flesh
 N - 5 fruits


   Skills:
 * Level 2.5 Fighting
 * Level 2.0 Staves
 * Level 8.7 Armour
 - Level 4.2 Dodging
 - Level 6.0 Stealth
 - Level 4.1 Shields
 - Level 10.2 Spellcasting
 - Level 10.0 Conjurations
 - Level 0.7 Transmutations
 * Level 7.3 Fire Magic
 - Level 20.0 Earth Magic
 * Level 1.8 Evocations


You had 8 spell levels left.
You knew the following spells:

 Your Spells              Type           Power        Failure   Level  Hunger
a - Sandblast             Erth           ######       0%          1    None
d - Fireball              Conj/Fire      ######....   1%          5    ###....
e - Lee's Rapid Deconstr  Erth           ########..   1%          5    ###....
i - Inner Flame           Hex/Fire       #####...     1%          3    None
p - Passwall              Tmut/Erth      #######...   1%          2    None
r - Regeneration          Chrm/Necr      ###.......   17%         3    None
t - Petrify               Tmut/Erth      #######.     1%          4    None
z - Stone Arrow           Conj/Erth      ######       1%          3    None


Dungeon Overview and Level Annotations

Branches:
Dungeon (15/15)            Temple (1/1) D:6            Lair (6/6) D:10
  Swamp (0/4) Lair:2       Spider (0/4) Lair:3        Slime (0/5) Lair:6
    Orc (1/2) D:12         Vaults (0/5) D:14
 Depths: D:15

Altars:
Ashenzari
Cheibriados
Dithmenos
Elyvilon
Fedhas
Gozag
Hepliaklqana
Kikubaaqudgha
Makhleb
Nemelex Xobeh
Okawaru
Qazlal
Ru
Sif Muna
Trog
Uskayaw
Vehumet
Xom
Yredelemnul
Zin
The Shining One
Beogh
Jiyva

Annotations:
D:7 othur's ghost, novice GrBe
D:14 Azrael; soepske's ghost, journeyman FoFi


Innate Abilities, Weirdness & Mutations

You are resistant to torment.
Your stone body is resilient. (AC +11)
You are immune to poison.
Your large and strong wings let you fly indefinitely.
You resist negative energy. (rN+)
You are resistant to electric shocks. (rElec)
You can survive without breathing.
You are immune to petrification.
You are immune to rotting.


Message History

Aiming: Sandblast
Press: ? - help, Shift-Dir - straight line, f/p - fire crab
Aim: a fire crab (moderately wounded)
You feel a surge of power!
The blast of sand hits the fire crab.
The fire crab is moderately wounded.
b - 80 stones The fire crab bites you!
You are engulfed in flames!
The fire crab completely misses you. The lava snake spits lava at you.
You block the glob of lava. The fire crab breathes flames at you.
The blast of flame engulfs you!
You are engulfed in blazing flames.
* * * LOW HITPOINT WARNING * * *
You are feeling hungry.
The fire crab breathes flames at you. The blast of flame misses you.
You are engulfed in blazing flames.
You are engulfed in blazing flames.
You die...

.. #≈≈≈......## ≈ ...
#≈S#......8# # #≈≈ #...
##≈§###....## 8§≈.
#####≈≈≈#...#.#8# # #§≈.
§§≈≈≈≈§≈.t≈###### # # #≈S
###≈§≈§#§§#≈≈≈# # #
#≈######...≈≈.§§###≈≈≈§≈≈
# #
#≈§≈≈##....≈#.§§§8##≈≈###
# #§§≈≈#.....#.@.§.## #§≈§
##§≈.......#....8# ##§§
##≈≈##8..........## §# ###
#§≈####.........#.#####
##.## ##≈≈≈#
#8#.#.....#####..#####....
##≈### ######....#
##....##..... ### ####
##...####............ #
###..#
#..###..............
####...#####
#).###.....#...#.#..


You could see a fire crab and a lava snake.

Vanquished Creatures
  A frost giant (IceCv)
  Josephine (Lair:4)
  9 hydras
  9 two-headed ogres
  2 anacondas (Lair:4)
  An ogre mage (D:9)
  The ghost of eeldvark the Slicer, a novice HuCj of Vehumet (D:9)
  Sonja (D:14)
  A wizard (D:14)
  A deep elf mage (D:14)
  9 ugly things
  7 elephants
  An ice statue (IceCv)
  3 centaur zombies
  3 molten gargoyles (Lair:6)
  6 black mambas
  A gargoyle (D:14)
  A torpor snail (Lair:5)
  7 spiny frogs
  7 komodo dragons
  An efreet (D:14)
  A rime drake (Lair:3)
  3 trolls
  2 jumping spiders (Lair:3)
  A queen bee (Lair:1)
  13 polar bears
  3 blink frogs (Lair:5)
  4 slime creatures (D:12)
  11 hippogriffs
  7 dream sheep (Lair:6)
  2 vampires
  A human (D:9)
  2 redbacks (Lair:3)
  42 yaks
  2 shadows
  A fire elemental (D:14)
  4 hogs (D:9)
  4 basilisks
  9 wraiths
  6 wyverns
  Grum (D:8)
  5 vampire mosquitoes
  3 steam dragons
  A warg (D:14)
  Menkaure (D:7)
  10 swamp worms (Lair:4)
  14 water moccasins
  9 porcupines
  A hell hound (Lair:6)
  4 black bears
  11 orc warriors
  The ghost of homeworkjunkie the Chopper, an amateur HOFi (D:4)
  2 ice beasts
  3 sky beasts
  20 wolves
  10 ogres
  9 centaurs
  A necrophage (D:9)
  13 crocodiles
  3 big kobolds
  17 bullfrogs
  31 killer bees
  7 wights
  6 howler monkeys
  3 lava snakes (Lair:6)
  6 crimson imps
  2 bullfrog zombies
  3 jellies
  A quasit (D:11)
  3 centaur skeletons
  Crazy Yiuf (D:2)
  5 hounds
  15 orc wizards
  9 orc priests
  A bullfrog skeleton (D:9)
  Jessica (D:2)
  6 iguanas
  Natasha (D:2)
  13 worker ants
  A killer bee zombie (D:5)
  A hound zombie (D:9)
  2 hound skeletons
  A worker ant zombie (D:9)
  9 adders
  12 white imps (Lair:6)
  3 oozes
  An adder skeleton (D:5)
  12 worms
  2 leopard geckos
  67 orcs
  3 ball pythons
  5 bats
  11 giant cockroaches
  4 goblins
  10 hobgoblins
  10 jackals
  21 kobolds
  4 quokkas
  8 frilled lizards
  8 rats
  A fungus (Lair:6)
  A plant (Lair:6)
641 creatures vanquished.

Vanquished Creatures (others)
  An eye of draining (D:14)
  13 fungi
  9 plants
23 creatures vanquished.

Grand Total: 664 creatures vanquished

Notes
Turn   | Place    | Note
-------+----------+-------------------------------------------
     0 | D:1      | AdmiralAndromeda the Gargoyle Earth Elementalist began the quest for the Orb.
     0 | D:1      | Reached XP level 1. HP: 10/10 MP: 3/3
   170 | D:1      | Reached skill level 4 in Earth Magic
   170 | D:1      | Reached XP level 2. HP: 15/15 MP: 1/5
   754 | D:2      | Noticed Natasha
   760 | D:2      | Killed Natasha
   760 | D:2      | Reached XP level 3. HP: 12/19 MP: 2/6
   973 | D:2      | Found an iron altar of Okawaru.
  1022 | D:2      | Noticed Jessica
  1034 | D:2      | Killed Jessica
  1034 | D:2      | Reached skill level 5 in Earth Magic
  1034 | D:2      | Reached XP level 4. HP: 23/24 MP: 1/8
  1101 | D:2      | Learned a level 3 spell: Stone Arrow
  1280 | D:2      | Found a runed door.
  1284 | D:2      | Noticed Crazy Yiuf
  1292 | D:2      | Killed Crazy Yiuf
  1292 | D:2      | Reached XP level 5. HP: 28/28 MP: 2/9
  2110 | D:3      | Reached skill level 6 in Earth Magic
  2204 | D:3      | Learned a level 5 spell: Lee's Rapid Deconstruction
  2397 | D:3      | Noticed a big kobold
  2415 | D:3      | Killed a big kobold
  2415 | D:3      | Reached XP level 6. HP: 29/32 MP: 4/11
  2647 | D:4      | Reached skill level 1 in Armour
  2891 | D:4      | Reached skill level 7 in Earth Magic
  3095 | D:4      | Reached XP level 7. HP: 29/36 MP: 11/13
  3460 | D:4      | Noticed homeworkjunkie's ghost (amateur HOFi)
  3546 | D:4      | Killed homeworkjunkie's ghost
  3705 | D:5      | Entered Level 5 of the Dungeon
  3767 | D:5      | Found a blossoming altar of Fedhas.
  3774 | D:5      | Found a stormy altar of Qazlal.
  3983 | D:5      | Found a glowing silver altar of Zin.
  4114 | D:5      | Reached skill level 8 in Earth Magic
  4301 | D:5      | Reached XP level 8. HP: 41/41 MP: 11/15
  4491 | D:5      | Reached skill level 5 in Spellcasting
  4498 | D:5      | Learned a level 2 spell: Passwall
  5096 | D:6      | Found a glowing golden altar of the Shining One.
  5229 | D:6      | Reached skill level 1 in Conjurations
  5278 | D:6      | Reached skill level 9 in Earth Magic
  5507 | D:6      | Found a shadowy altar of Dithmenos.
  5707 | D:6      | Found a staircase to the Ecumenical Temple.
  5716 | Temple   | Entered the Ecumenical Temple
  5763 | Temple   | Became a worshipper of Vehumet
  6135 | D:7      | Reached XP level 9. HP: 45/45 MP: 18/18
  6140 | D:7      | Noticed Menkaure
  6202 | D:7      | Killed Menkaure
  6202 | D:7      | Reached skill level 10 in Earth Magic
  6713 | D:7      | Reached skill level 11 in Earth Magic
  6883 | D:7      | Found a burning altar of Makhleb.
  6904 | D:7      | Noticed othur's ghost (novice GrBe)
  6931 | D:7      | Reached * piety under Vehumet
  6931 | D:7      | Offered knowledge of Shock by Vehumet.
  7147 | D:8      | Noticed Grum
  7322 | D:8      | Killed Grum
  7322 | D:8      | Reached skill level 12 in Earth Magic
  7322 | D:8      | Reached XP level 10. HP: 30/50 MP: 15/20
  7695 | D:8      | Found an ancient bone altar of Kikubaaqudgha.
  7751 | D:8      | Noticed a two-headed ogre
  7756 | D:8      | Killed a two-headed ogre
  7756 | D:8      | Reached skill level 13 in Earth Magic
  7974 | D:8      | Reached skill level 5 in Conjurations
  8368 | D:9      | Noticed eeldvark's ghost (novice HuCj)
  8477 | D:9      | Reached ** piety under Vehumet
  8477 | D:9      | Offered knowledge of Sting by Vehumet.
  8763 | D:9      | Reached skill level 14 in Earth Magic
  8997 | D:9      | Reached XP level 11. HP: 54/54 MP: 11/21
  9095 | D:9      | Killed eeldvark's ghost
  9101 | D:9      | Reached skill level 15 in Earth Magic
  9491 | D:9      | Got a polished buckler
  9496 | D:9      | Identified the +6 buckler "Ebenylif" {-Tele Int+7} (You took it off an orc on level 9 of the Dungeon)
  9541 | D:9      | Offered knowledge of Searing Ray by Vehumet.
 10162 | D:10     | Entered Level 10 of the Dungeon
 10234 | D:10     | Reached *** piety under Vehumet
 10239 | D:10     | Noticed a two-headed ogre
 10241 | D:10     | Noticed a two-headed ogre
 10244 | D:10     | Noticed a two-headed ogre
 10244 | D:10     | Killed a two-headed ogre
 10245 | D:10     | Noticed an ogre mage
 10262 | D:9      | Killed a two-headed ogre
 10552 | D:9      | Killed an ogre mage
 11013 | D:10     | Noticed a two-headed ogre
 11017 | D:10     | Killed a two-headed ogre
 11017 | D:10     | Reached skill level 16 in Earth Magic
 11110 | D:10     | Found a staircase to the Lair.
 11206 | D:10     | Offered knowledge of Inner Flame by Vehumet.
 11212 | D:10     | Learned a level 3 spell: Inner Flame
 11544 | D:10     | Reached skill level 1 in Fire Magic
 11544 | D:10     | Reached XP level 12. HP: 56/59 MP: 24/24
 11712 | D:10     | Killed a two-headed ogre
 11712 | D:10     | Reached skill level 1 in Shields
 12197 | D:11     | Noticed a five-headed hydra
 12204 | D:11     | Killed a five-headed hydra
 12355 | D:11     | Reached **** piety under Vehumet
 12531 | D:11     | Found a roughly hewn altar of Beogh.
 12535 | D:11     | Offered knowledge of Fireball by Vehumet.
 12567 | D:11     | Learned a level 5 spell: Fireball
 12934 | D:12     | Found a staircase to the Orcish Mines.
 13788 | D:12     | Noticed a two-headed ogre
 13793 | D:12     | Killed a two-headed ogre
 14095 | Orc:1    | Entered Level 1 of the Orcish Mines
 14104 | Orc:1    | Reached ***** piety under Vehumet
 14255 | D:13     | Offered knowledge of Conjure Ball Lightning by Vehumet.
 14856 | D:13     | Reached skill level 17 in Earth Magic
 15350 | D:14     | Noticed Sonja
 15352 | D:14     | Killed Sonja
 15378 | D:14     | Reached XP level 13. HP: 63/63 MP: 24/26
 15560 | D:14     | Noticed soepske's ghost (journeyman FoFi)
 15856 | D:14     | Reached skill level 5 in Armour
 15980 | D:14     | Reached skill level 10 in Spellcasting
 16078 | D:14     | Noticed Azrael
 16246 | D:14     | Found a gate to the Vaults.
 16690 | D:15     | Entered Level 15 of the Dungeon
 16815 | Lair:1   | Entered Level 1 of the Lair of Beasts
 16848 | Lair:1   | Got a fine ring mail
 16849 | Lair:1   | Identified the +6 ring mail of Poited {rCorr Str-2 Int+4} (You found it on level 1 of the Lair of Beasts)
 17161 | Lair:1   | Got a faintly glowing cloak
 17162 | Lair:1   | Identified the +1 cloak of the Other Side {+Inv Str+3 Dex+4} (You found it on level 1 of the Lair of Beasts)
 17476 | Lair:1   | Reached skill level 5 in Fire Magic
 17871 | Lair:2   | Found a staircase to the Swamp.
 18263 | Lair:2   | Offered knowledge of Ozocubu's Refrigeration by Vehumet.
 18498 | Lair:3   | Found a hole to the Spider Nest.
 18632 | Lair:3   | Learned a level 3 spell: Regeneration
 18638 | Lair:3   | Learned a level 4 spell: Petrify
 19046 | Lair:3   | Reached skill level 18 in Earth Magic
 19651 | Lair:4   | Gained mutation: Your large and strong wings let you fly indefinitely. [Gargoyle growth]
 19651 | Lair:4   | Reached XP level 14. HP: 68/68 MP: 15/28
 19970 | Lair:4   | Reached skill level 10 in Conjurations
 20386 | Lair:4   | Noticed Josephine
 20392 | Lair:4   | Killed Josephine
 21959 | Lair:5   | Reached skill level 19 in Earth Magic
 22261 | Lair:5   | Offered knowledge of Bolt of Draining by Vehumet.
 22536 | Lair:6   | Entered Level 6 of the Lair of Beasts
 22541 | Lair:6   | Reached skill level 5 in Stealth
 22564 | Lair:6   | Found a frozen archway.
 22677 | IceCv    | Entered an ice cave
 23104 | IceCv    | Got an ancient great sword
 23111 | IceCv    | Identified the +8 great sword of the Hierophant {speed, rC+ Stlth+} (You found it in an ice cave)
 23130 | IceCv    | Noticed a frost giant
 23856 | IceCv    | Killed a frost giant
 23865 | IceCv    | Offered knowledge of Lightning Bolt by Vehumet.
 24306 | Lair:6   | Identified the Compendium of Lucky Calling
 24356 | Lair:6   | Found a viscous altar of Jiyva.
 24356 | Lair:6   | Found a staircase to the Slime Pits.
 24476 | Lair:6   | Reached XP level 15. HP: 72/72 MP: 29/29
 24734 | Lair:6   | Reached skill level 1 in Fighting
 24919 | Lair:6   | Reached skill level 1 in Staves
 24937 | Lair:6   | Reached skill level 20 in Earth Magic
 24937 | Lair:6   | Reached skill level 1 in Evocations
 25823 | Lair:6   | Engulfed by a fire crab's flame

Skill      XL: |  1  2  3  4  5  6  7  8  9 10 11 12 13 14 15 |
---------------+----------------------------------------------+-----
Earth Magic    | 4 5 6 7 8 9 12 14 16 17 18 19 20 | 20.0
Spellcasting   | 3 4 6 7 8 9 10 | 10.2
Armour         | 1 2 4 6 8 |  8.7
Dodging        | 2 3 4 |  4.2
Conjurations   | 2 4 5 6 7 9 10 | 10.0
Stealth        | 3 6 |  6.0
Fire Magic     | 1 3 5 6 7 |  7.3
Shields        | 4 |  4.1
Fighting       | 2 |  2.5
Staves         | 2 |  2.0
Evocations     | 1 |  1.8
Transmutations | |  0.7

Action                   |  1- 3 |  4- 6 |  7- 9 | 10-12 | 13-15 || total
-------------------------+-------+-------+-------+-------+-------++-------
Melee: Club              |    27 |       |       |       |       ||    27
       Dagger            |       |   182 |    54 |       |       ||   236
       Staff             |       |       |    62 |    47 |    54 ||   163
 Cast: Sandblast         |    37 |    39 |   101 |   130 |   217 ||   524
       Stone Arrow       |       |     1 |    42 |   203 |   386 ||   632
       Lee's Rapid Decon |       |       |     7 |    41 |    35 ||    83
       Fireball          |       |       |       |     6 |    31 ||    37
       Passwall          |       |       |       |     1 |     4 ||     5
       Inner Flame       |       |       |       |     1 |       ||     1
 Abil: Fly               |       |       |       |       |     1 ||     1
  Use: Scroll            |       |     2 |       |    18 |    19 ||    39
       Potion            |       |       |       |     2 |     1 ||     3
 Stab: Sleeping          |     1 |     1 |     1 |       |       ||     3
  Eat: Chunk             |     1 |     7 |    16 |    21 |    36 ||    81
       Bread ration      |       |       |       |     3 |     1 ||     4
Armor: Robe              |     5 |       |    31 |    28 |       ||    64
       Leather armour    |     7 |    89 |    33 |       |       ||   129
       Scale mail        |       |       |       |    50 |     9 ||    59
       Ring mail         |       |       |       |       |   171 ||   171
Dodge: Dodged            |    27 |   108 |   100 |    78 |   156 ||   469
Block: Buckler           |       |       |       |    50 |   131 ||   181
       Shield            |       |       |       |       |    17 ||    17
